 Dungeon Crawl Stone Soup version 0.29.1-15-g9cfb28693d (webtiles) character file.

Game seed: 2950689895910719373

224 DemonSlayer the Magician (level 5, -9/32 (35) HPs)
             Began as a Demonspawn Earth Elementalist on Mar 11, 2023.
             Mangled by a hell rat (13 damage)
             ... in a sewer.
             The game lasted 00:05:15 (3487 turns).

DemonSlayer the Magician (DsEE)                     Turns: 3487, Time: 00:05:15

HP:   -9/32 (35)    AC:  8    Str:  9    XL:     5   Next: 67%
MP:   7/11          EV: 16    Int: 16    God:
Gold: 165           SH:  0    Dex: 15    Spells: 9/12 levels left

rFire   . . .      SeeInvis .   o - +6 dagger
rCold   . . .      Faith    .   (no shield)
rNeg    . . .      Spirit   .   a - +0 robe
rPois   .          Reflect  .   (helmet restricted)
rElec   .          Harm     .   h - +1 cloak {rCorr}
rCorr   +          Rampage  .   (no gloves)
Will    .....                   (no boots)
Stlth   +.........              (no amulet)
HPRegen 0.10/turn               f - +4 ring of protection
MPRegen 0.12/turn               p - +4 ring of evasion

@: drained, very slow
A: antennae 2, sturdy frame 1
a: no special abilities


You were in a sewer.
You visited 1 branch of the dungeon, and saw 4 of its levels.
You also visited: Sewer.

You collected 165 gold pieces.

Inventory:

Hand Weapons
 o - a +6 dagger (weapon)
Armour
 a - a +0 robe (worn)
 h - a +1 cloak of preservation (worn)
Jewellery
 f - a +4 ring of protection (left hand)
 p - a +4 ring of evasion (right hand)
Wands
 r - a wand of mindburst (4)
Scrolls
 c - a scroll of noise {unknown}
 g - 2 scrolls of teleportation {unknown}
 l - 2 scrolls of silence {unknown}
 m - 5 scrolls of identify {unknown}
 n - 2 scrolls of magic mapping {unknown}
 q - a scroll of vulnerability {unknown}
 t - a scroll of acquirement {unknown}
Potions
 b - a potion of magic
 d - a potion of invisibility {unknown}
 e - a potion of curing {unknown}
 i - a potion of berserk rage {unknown}
 j - a potion of resistance {unknown}
 k - a potion of mutation {unknown}
 s - 3 potions of lignification {unknown}


   Skills:
 + Level 0.2 Fighting
 + Level 0.6 Short Blades
 + Level 2.3 Dodging
 + Level 2.3 Stealth
 + Level 4.1 Spellcasting
 + Level 0.8 Transmutations
 + Level 3.8 Earth Magic


You had 9 spell levels left.
You knew the following spells:

 Your Spells              Type           Power      Damage    Failure   Level
a - Sandblast             Erth           30%        2d9       3%          1
b - Passwall              Tmut/Erth      8%         N/A       10%         2

Your spell library contained the following spells:

 Spells                   Type           Power      Damage    Failure   Level
 Stone Arrow              Conj/Erth      18%        3d8       22%         3
 Sublimation of Blood     Necr           3%         N/A       26%         2
 Gell's Gravitas          Tloc           3%         N/A       45%         3
 Lesser Beckoning         Tloc           3%         N/A       45%         3
 Teleport Other           Tloc           3%         N/A       45%         3
 Petrify                  Tmut/Erth      10%        N/A       54%         4
 Leda's Liquefaction      Hex/Erth       4%         N/A       58%         4
 Lee's Rapid Deconstruct  Erth           7%         3d8*      67%         5
 Irradiate                Conj/Tmut      2%         3d12      98%         5
 Statue Form              Tmut/Erth      6%         N/A       100%        6


Dungeon Overview and Level Annotations

Branches:
Dungeon (4/15)              Sewer (1/1)
 Temple: D:4-7

Altars:
Cheibriados


Innate Abilities, Weirdness & Mutations

You have a pair of antennae on your head.
Your movements are slightly less encumbered by armour. (ER -2)


Message History

You see here a rat corpse.
You see here a rat corpse.
You enter the shallow water.
Moving in this stuff is going to be slow.
You open the door.
A hell rat comes into view.
The hell rat roars deafeningly!
Found seven items.
Found a gate leading back out of this place.
A hell rat is nearby!
A hell rat is nearby!
A hell rat is nearby!
The blast of sand hits the hell rat.
The hell rat is lightly wounded.
The blast of sand hits the hell rat but does no damage.
The hell rat is lightly wounded.
The hell rat misses you.
The blast of sand hits the hell rat.
The hell rat is heavily wounded.
The hell rat bites you!
You feel drained.
You are too injured to fight recklessly!
A hell rat is nearby!
A hell rat is nearby!
You are too injured to fight recklessly!
You are too injured to fight recklessly!
You are too injured to fight recklessly!
You are too injured to fight recklessly!
Casting: Sandblast (safe; 3% risk of failure)
Confirm with . or Enter, or press ? or * to list all spells.
Aiming: Sandblast (safe; 3% risk of failure)
Press: ? - help, Shift-Dir - straight line, f/p - hell rat
Aim: a hell rat (heavily wounded, 82% to hit)
The blast of sand hits the hell rat!
The hell rat is almost dead.
The hell rat bites you!
* * * LOW HITPOINT WARNING * * *
You feel drained.
* * * LOW HITPOINT WARNING * * *
The hell rat bites you!
You die...

###~.~.~∩~..~.###
#..~~~#####~†~~~#
##~~.###?∩?###~..##
#~..##~?!???.##..~#
#..†# ~~~~~.. #~†~#
#...## ~~~~~ ##...#
##~~.###~~~###~~.##
#..~†.##r##~.~~~#
###~~..~@~~~.~###
###.~.~.~~###
#########


You could see a hell rat.

Vanquished Creatures
  A scorpion (D:4)
  4 gnolls (D:3)
  2 river rats (Sewer)
  3 adders
  4 worms (D:3)
  3 bats
  3 endoplasms
  4 giant cockroaches
  7 hobgoblins
  7 jackals
  6 quokkas
  6 ball pythons
  5 frilled lizards
  3 goblins (D:1)
  2 kobolds
  16 rats
76 creatures vanquished.

Vanquished Creatures (others)
  7 toadstools (D:1)
7 creatures vanquished.

Grand Total: 83 creatures vanquished

Notes
Turn   | Place    | Note
-------+----------+-------------------------------------------
     0 | D:1      | DemonSlayer the Demonspawn Earth Elementalist began the
                  | quest for the Orb.
     0 | D:1      | Reached XP level 1. HP: 13/13 MP: 3/3
   391 | D:1      | Gained mutation: You have a pair of small antennae on your
                  | head. [demonic ancestry]
   391 | D:1      | Reached XP level 2. HP: 17/19 MP: 1/5
   683 | D:1      | Found a faded altar of an unknown god.
  1443 | D:1      | Learned a level 2 spell: Passwall
  1512 | D:2      | Gained mutation: You have a pair of antennae on your head.
                  | [demonic ancestry]
  1512 | D:2      | Reached XP level 3. HP: 17/24 MP: 0/7
  1992 | D:2      | Reached skill level 3 in Spellcasting
  2121 | D:2      | You fall into a shaft and drop 2 floors!
  2293 | D:4      | Found a snail-covered altar of Cheibriados.
  2332 | D:4      | Noticed a scorpion
  2345 | D:4      | Killed a scorpion
  2346 | D:4      | Gained mutation: Your movements are slightly less
                  | encumbered by armour. (ER -2) [demonic ancestry]
  2346 | D:4      | Reached XP level 4. HP: 25/30 MP: 0/9
  2601 | D:4      | Noticed a black bear
  2781 | D:3      | Reached XP level 5. HP: 35/35 MP: 7/10
  3301 | D:3      | Found a glowing drain.
  3312 | Sewer    | Entered a sewer
  3319 | Sewer    | Reached skill level 4 in Spellcasting
  3487 | Sewer    | Mangled by a hell rat

Illustrated notes

Levels and vault maps discovered:
D:1:      nagdon_arrival_double_spiral, layout_loops_ring,
          nicolae_ecumenical_snake_handling
D:2:      layout_loops_ring, minmay_misc_feat_nine_boxes,
          nicolae_underground_beach
D:3:      layout_loops_ring, gup_sewer_entry_spiral, kennysheep_crisscross
D:4:      layout_layer_cave, mainiacjoe_overflow_cross_hatched
Sewer:    sewer_hellmonk_bad_rat

Skill      XL: |  1  2  3  4  5 |
---------------+----------------+-----
Stealth        | 2 |  2.3
Dodging        | 2 |  2.3
Earth Magic    | 3 |  3.8
Spellcasting   | 3 4 |  4.1
Fighting       | |  0.2
Short Blades   | |  0.6
Transmutations | |  0.8

Action                   |  1- 3 |  4- 6 || total
-------------------------+-------+-------++-------
Melee: Short sword       |    26 |       ||    26
       Unarmed           |     4 |       ||     4
       Dagger            |     4 |    16 ||    20
 Cast: Sandblast         |    64 |    62 ||   126
 Stab: Sleeping          |     1 |       ||     1
Armor: Robe              |    17 |    12 ||    29
Dodge: Dodged            |    42 |    36 ||    78
